TOP OF THE 1ST |
Ft. Worth Cattlemen batting - Pitching for Mississippi Mockingbirds : RHP Alan Mason
|
Pitching: RHP Alan Mason
|
|
Batting: RHB Jurgen Flurgenburgen
|
0-0: Ball 1-0: Ball 2-0: Foul Ball, location: 2F 2-1: Foul Ball, location: 2F 2-2: Strikes out looking
|
Batting: RHB Tae-cho Han
|
0-0: Ball 1-0: Called Strike 1-1: Ball 2-1: Ball 3-1: Base on Balls
|
Batting: SHB Kolby Hay
|
0-0: Ball 1-0: Ball 2-0: Foul Ball, location: 2F 2-1: Ball 3-1: Foul Ball, location: 2F 3-2: Foul Ball, location: 2F 3-2: Strikes out swinging
|
Batting: LHB Jorge Alejándrez
|
0-0: Ball 1-0: Hit by Pitch Tae-cho Han to second
|
Batting: LHB Semo Hoaloha
|
0-0: Foul Ball, location: 2F 0-1: Ball 1-1: Called Strike 1-2: Foul Ball, location: 2F 1-2: Strikes out swinging
|
Top of the 1st over - 0 runs, 0 hits, 0 errors, 2 left on base; Ft. Worth 0 - Mississippi 0 |
BOTTOM OF THE 1ST |
Mississippi Mockingbirds batting - Pitching for Ft. Worth Cattlemen : LHP Gustavo Tobías
|
Pitching: LHP Gustavo Tobías
|
|
Batting: RHB Quinn Albracht
|
0-0: Ball 1-0: Called Strike 1-1: Foul Ball, location: 2F 1-2: Foul Ball, location: 2F 1-2: Ball 2-2: Foul Ball, location: 2F 2-2: Strikes out swinging
|
Batting: LHB Rylen Roersma
|
0-0: DOUBLE (Flyball, 89D, EV 98.1 MPH)
|
Batting: RHB Júlio Coronado
|
0-0: Called Strike 0-1: Ground out 6-3 (Groundball, 6, EV 93.8 MPH) Rylen Roersma to third
|
Batting: RHB Doug Allerdale
|
0-0: Called Strike 0-1: SINGLE (Groundball, 56D, EV 105.6 MPH) Rylen Roersma scores
|
Batting: RHB Dean Shamakani
|
0-0: Called Strike 0-1: Foul Ball, location: 2F 0-2: Strikes out swinging
|
Bottom of the 1st over - 1 run, 2 hits, 0 errors, 1 left on base; Ft. Worth 0 - Mississippi 1 |
TOP OF THE 2ND |
Ft. Worth Cattlemen batting - Pitching for Mississippi Mockingbirds : RHP Alan Mason
|
Batting: RHB Omer Yurtseven
|
0-0: Called Strike 0-1: Ball 1-1: Foul Ball, location: 2F 1-2: Ground out 6-3 (Groundball, 6, EV 103.8 MPH)
|
Batting: LHB Tippi Degré
|
0-0: Ball 1-0: Called Strike 1-1: Ball 2-1: Called Strike 2-2: Ball 3-2: Foul Ball, location: 2F 3-2: Fly out, F8 (Flyball, 8RM, EV 89.4 MPH)
|
Batting: RHB Dennis Wacher
|
0-0: Called Strike 0-1: Swinging Strike 0-2: Ball 1-2: Ball 2-2: Ball 3-2: Ground out 6-3 (Groundball, 6, EV 84.4 MPH)
|
Top of the 2nd over - 0 runs, 0 hits, 0 errors, 0 left on base; Ft. Worth 0 - Mississippi 1 |
BOTTOM OF THE 2ND |
Mississippi Mockingbirds batting - Pitching for Ft. Worth Cattlemen : LHP Gustavo Tobías
|
Batting: LHB Seb Blanch
|
0-0: Called Strike 0-1: SINGLE (Groundball, 3D, EV 98.8 MPH)
|
Batting: RHB Jorge Muńóz
|
0-0: Ball 1-0: Ball 2-0: Called Strike 2-1: SINGLE (Groundball, 34D, EV 101.9 MPH) Seb Blanch to second
|
Batting: SHB Jorge Indiano
|
0-0: Ball 1-0: Ball 2-0: Fielders Choice at 2nd, 1-4 (Groundball, 15S, EV 67.5 MPH) Seb Blanch to third
|
Batting: LHB Wu-shun Chu
|
0-0: Foul Ball, location: 2F 0-1: Ball Jorge Indiano steals 2nd base 1-1: Ball 2-1: Ground out 4-3 (Groundball, 4, EV 86.2 MPH) Seb Blanch scores Jorge Indiano to third
|
Batting: RHB Quinn Albracht
|
0-0: Called Strike 0-1: Foul Ball, location: 2F 0-2: Foul Ball, location: 2F 0-2: Ball 1-2: Foul Ball, location: 2F 1-2: Foul Ball, location: 2F 1-2: Ball 2-2: DOUBLE (Groundball, 5L, EV 101.9 MPH) Jorge Indiano scores
|
Batting: LHB Rylen Roersma
|
0-0: Swinging Strike 0-1: Ball 1-1: Ball 2-1: Ball 3-1: Foul Ball, location: 2F 3-2: Base on Balls
|
Batting: RHB Júlio Coronado
|
0-0: Called Strike 0-1: Called Strike 0-2: Strikes out swinging
|
Bottom of the 2nd over - 2 runs, 3 hits, 0 errors, 2 left on base; Ft. Worth 0 - Mississippi 3 |
TOP OF THE 3RD |
Ft. Worth Cattlemen batting - Pitching for Mississippi Mockingbirds : RHP Alan Mason
|
Batting: RHB Lonnie Doble
|
0-0: Ball 1-0: Ball 2-0: Called Strike 2-1: Called Strike 2-2: Ball 3-2: SINGLE (Groundball, 34D, EV 98.1 MPH)
|
Batting: RHB Jurgen Flurgenburgen
|
0-0: Ball 1-0: Swinging Strike 1-1: Ball 2-1: Ball 3-1: Foul Ball, location: 2F 3-2: DOUBLE (Line Drive, 9LM, EV 101.2 MPH) Lonnie Doble to third
|
Batting: RHB Tae-cho Han
|
0-0: Swinging Strike 0-1: Foul Ball, location: 2F 0-2: Ball 1-2: Ball 2-2: Foul Ball, location: 2F 2-2: Strikes out swinging
|
Batting: SHB Kolby Hay
|
0-0: Called Strike 0-1: Called Strike 0-2: Ball 1-2: Ball 2-2: Foul Ball, location: 2F 2-2: Ball 3-2: Base on Balls
|
Batting: LHB Jorge Alejándrez
|
0-0: Ball 1-0: Fly out, F9 (Flyball, 89M, EV 76.9 MPH) Runner from 3rd tags up, SCORES, throw by RF Jurgen Flurgenburgen to third
|
Batting: LHB Semo Hoaloha
|
0-0: Swinging Strike 0-1: Ball 1-1: Ball 2-1: Foul Ball, location: 2F 2-2: Foul Ball, location: 2F 2-2: Foul Ball, location: 2F 2-2: Foul Ball, location: 2F 2-2: Ball 3-2: Base on Balls Kolby Hay to second
|
Batting: RHB Omer Yurtseven
|
0-0: Foul Ball, location: 2F 0-1: Ball 1-1: Ground out U3 (Groundball, 34, EV 92.5 MPH)
|
Top of the 3rd over - 1 run, 2 hits, 0 errors, 3 left on base; Ft. Worth 1 - Mississippi 3 |
BOTTOM OF THE 3RD |
Mississippi Mockingbirds batting - Pitching for Ft. Worth Cattlemen : LHP Gustavo Tobías
|
Batting: RHB Doug Allerdale
|
0-0: Called Strike 0-1: Ball 1-1: Called Strike 1-2: Foul Ball, location: 2F 1-2: Ground out 6-3 (Groundball, 6, EV 106.9 MPH)
|
Batting: RHB Dean Shamakani
|
0-0: Ground out 4-3 (Groundball, 4M, EV 88.8 MPH)
|
Batting: LHB Seb Blanch
|
0-0: Ball 1-0: Called Strike 1-1: Ball 2-1: Foul Ball, location: 2F 2-2: Foul Ball, location: 2F 2-2: Strikes out looking
|
Bottom of the 3rd over - 0 runs, 0 hits, 0 errors, 0 left on base; Ft. Worth 1 - Mississippi 3 |
TOP OF THE 4TH |
Ft. Worth Cattlemen batting - Pitching for Mississippi Mockingbirds : RHP Alan Mason
|
Batting: LHB Tippi Degré
|
0-0: Called Strike 0-1: Foul Ball, location: 2F 0-2: Strikes out swinging
|
Batting: RHB Dennis Wacher
|
0-0: Called Strike 0-1: Called Strike 0-2: Foul Ball, location: 2F 0-2: Strikes out swinging
|
Batting: RHB Lonnie Doble
|
0-0: Called Strike 0-1: Ball 1-1: Ball 2-1: Swinging Strike 2-2: Strikes out swinging
|
Top of the 4th over - 0 runs, 0 hits, 0 errors, 0 left on base; Ft. Worth 1 - Mississippi 3 |
BOTTOM OF THE 4TH |
Mississippi Mockingbirds batting - Pitching for Ft. Worth Cattlemen : LHP Gustavo Tobías
|
Batting: RHB Jorge Muńóz
|
0-0: Called Strike 0-1: Ground out 6-3 (Groundball, 56, EV 76.9 MPH)
|
Batting: SHB Jorge Indiano
|
0-0: Foul Ball, location: 2F 0-1: Ball 1-1: Swinging Strike 1-2: Fly out, F8 (Line Drive, 8LM, EV 96.9 MPH)
|
Batting: LHB Wu-shun Chu
|
0-0: Called Strike 0-1: Swinging Strike 0-2: Ball 1-2: Strikes out looking
|
Bottom of the 4th over - 0 runs, 0 hits, 0 errors, 0 left on base; Ft. Worth 1 - Mississippi 3 |
TOP OF THE 5TH |
Ft. Worth Cattlemen batting - Pitching for Mississippi Mockingbirds : RHP Alan Mason
|
Batting: RHB Jurgen Flurgenburgen
|
0-0: Called Strike 0-1: Ball 1-1: Called Strike 1-2: Strikes out swinging
|
Batting: RHB Tae-cho Han
|
0-0: Foul Ball, location: 2F 0-1: Ball 1-1: Ball 2-1: Ball 3-1: Called Strike 3-2: Strikes out swinging
|
Pitching: RHP Roberto Cabrera
|
|
Batting: SHB Kolby Hay
|
0-0: Ball 1-0: Called Strike 1-1: Swinging Strike 1-2: Hit by Pitch
|
Batting: LHB Jorge Alejándrez
|
0-0: Called Strike 0-1: Ball 1-1: Ball 2-1: Ball 3-1: Base on Balls Kolby Hay to second
|
Batting: LHB Semo Hoaloha
|
0-0: Ball 1-0: Swinging Strike 1-1: Swinging Strike 1-2: Ground out 4-3 (Groundball, 4, EV 90.0 MPH)
|
Top of the 5th over - 0 runs, 0 hits, 0 errors, 2 left on base; Ft. Worth 1 - Mississippi 3 |
BOTTOM OF THE 5TH |
Mississippi Mockingbirds batting - Pitching for Ft. Worth Cattlemen : LHP Gustavo Tobías
|
Batting: RHB Quinn Albracht
|
0-0: Called Strike 0-1: Called Strike 0-2: Ball 1-2: Ball 2-2: Foul Ball, location: 2F 2-2: Fly out, F8 (Flyball, 8LD, EV 86.2 MPH)
|
Batting: LHB Rylen Roersma
|
0-0: Ball 1-0: Called Strike 1-1: Foul Ball, location: 2F 1-2: Foul Ball, location: 2F 1-2: Ball 2-2: Ground out 5-3 (Groundball, 56, EV 107.5 MPH)
|
Batting: RHB Júlio Coronado
|
0-0: Ball 1-0: Called Strike 1-1: Ground out 6-3 (Groundball, 6, EV 83.8 MPH)
|
Bottom of the 5th over - 0 runs, 0 hits, 0 errors, 0 left on base; Ft. Worth 1 - Mississippi 3 |
TOP OF THE 6TH |
Ft. Worth Cattlemen batting - Pitching for Mississippi Mockingbirds : RHP Roberto Cabrera
|
Batting: RHB Omer Yurtseven
|
0-0: Ball 1-0: Swinging Strike 1-1: Called Strike 1-2: Strikes out swinging
|
Batting: LHB Tippi Degré
|
0-0: Ball 1-0: Called Strike 1-1: Ground out 1-3 (Groundball, 13, EV 74.4 MPH)
|
Batting: RHB Dennis Wacher
|
0-0: Ball 1-0: Foul Ball, location: 2F 1-1: Ball 2-1: Ground out 5-3 (Groundball, 56, EV 104.4 MPH)
|
Top of the 6th over - 0 runs, 0 hits, 0 errors, 0 left on base; Ft. Worth 1 - Mississippi 3 |
BOTTOM OF THE 6TH |
Mississippi Mockingbirds batting - Pitching for Ft. Worth Cattlemen : LHP Gustavo Tobías
|
Batting: RHB Doug Allerdale
|
0-0: Fly out, F6 (Popup, 6M, EV 79.4 MPH)
|
Batting: RHB Dean Shamakani
|
0-0: DOUBLE (Line Drive, 78M, EV 108.8 MPH)
|
Batting: LHB Seb Blanch
|
0-0: Intentional Walk
|
Batting: RHB Jorge Muńóz
|
0-0: Ball 1-0: Swinging Strike 1-1: Ball 2-1: Foul Ball, location: 2F 2-2: Grounds into double play, 6-4-3 (Groundball, 6, EV 108.8 MPH)
|
Bottom of the 6th over - 0 runs, 1 hit, 0 errors, 1 left on base; Ft. Worth 1 - Mississippi 3 |
TOP OF THE 7TH |
Ft. Worth Cattlemen batting - Pitching for Mississippi Mockingbirds : RHP Roberto Cabrera
|
Batting: RHB Lonnie Doble
|
0-0: Ball 1-0: Called Strike 1-1: Ball 2-1: SINGLE (Groundball, 6MD, EV 102.5 MPH)
|
Batting: RHB Jurgen Flurgenburgen
|
0-0: Ball 1-0: Swinging Strike 1-1: Sac Bunt to 15 - play at first, batter OUT! 1-3 Lonnie Doble to second
|
Batting: RHB Tae-cho Han
|
0-0: Ball 1-0: Ball 2-0: Ball 3-0: Called Strike 3-1: Ground out 1-3 (Groundball, 13, EV 86.9 MPH) Lonnie Doble to third
|
Batting: SHB Kolby Hay
|
0-0: Foul Ball, location: 2F 0-1: Ball 1-1: 2-RUN HOME RUN (Flyball, 9D, EV 108.8 MPH), Distance : 344 ft
|
Batting: LHB Jorge Alejándrez
|
0-0: Swinging Strike 0-1: Swinging Strike 0-2: SINGLE (Line Drive, 6D, EV 95.0 MPH)
|
Batting: LHB Semo Hoaloha
|
0-0: Swinging Strike 0-1: Ball 1-1: Called Strike 1-2: Ball 2-2: Strikes out swinging
|
Top of the 7th over - 2 runs, 3 hits, 0 errors, 1 left on base; Ft. Worth 3 - Mississippi 3 |
BOTTOM OF THE 7TH |
Mississippi Mockingbirds batting - Pitching for Ft. Worth Cattlemen : LHP Gustavo Tobías
|
Batting: SHB Jorge Indiano
|
0-0: Ball 1-0: Foul Ball, location: 2F 1-1: SINGLE (Groundball, 56D, EV 93.8 MPH)
|
Batting: LHB Wu-shun Chu
|
0-0: Called Strike 0-1: Called Strike 0-2: Ball 1-2: Fly out, F6 (Popup, P, EV 76.9 MPH)
|
Pitching: RHP Dragutin Petrovic
|
|
Batting: RHB Quinn Albracht
|
0-0: Ball 1-0: Grounds into double play, 1-4-3 (Groundball, 15, EV 90.6 MPH)
|
Bottom of the 7th over - 0 runs, 1 hit, 0 errors, 0 left on base; Ft. Worth 3 - Mississippi 3 |
TOP OF THE 8TH |
Ft. Worth Cattlemen batting - Pitching for Mississippi Mockingbirds : RHP Roberto Cabrera
|
Batting: RHB Omer Yurtseven
|
0-0: Ball 1-0: Ball 2-0: Ball 3-0: Called Strike 3-1: Base on Balls
|
Batting: LHB Tippi Degré
|
0-0: Ball 1-0: Foul Ball, location: 2F 1-1: Ball 2-1: Ball 3-1: Grounds into double play, 5-4-3 (Groundball, 56, EV 83.8 MPH)
|
Batting: RHB Dennis Wacher
|
0-0: Called Strike 0-1: Called Strike 0-2: DOUBLE (Line Drive, 78XD, EV 104.4 MPH)
|
Pitching: RHP Clinton Repetto
|
|
Batting: RHB Lonnie Doble
|
0-0: Foul Ball, location: 2F 0-1: 2-RUN HOME RUN (Flyball, 78XD, EV 97.5 MPH), Distance : 388 ft
|
Batting: RHB Jurgen Flurgenburgen
|
0-0: Ball 1-0: Called Strike 1-1: Ball 2-1: Swinging Strike 2-2: SINGLE (Groundball, 34D, EV 102.5 MPH)
|
Batting: RHB Tae-cho Han
|
0-0: Ball 1-0: Called Strike 1-1: Called Strike Jurgen Flurgenburgen steals 2nd base 1-2: Ball 2-2: Strikes out looking
|
Top of the 8th over - 2 runs, 3 hits, 0 errors, 1 left on base; Ft. Worth 5 - Mississippi 3 |
BOTTOM OF THE 8TH |
Mississippi Mockingbirds batting - Pitching for Ft. Worth Cattlemen : RHP Dragutin Petrovic
|
Batting: LHB Rylen Roersma
|
0-0: Ball 1-0: Called Strike 1-1: Ball 2-1: Fly out, F5 (Line Drive, 5, EV 72.5 MPH)
|
Batting: RHB Júlio Coronado
|
0-0: Ground out 5-3 (Groundball, 5, EV 87.5 MPH)
|
Batting: RHB Doug Allerdale
|
0-0: Ball 1-0: Fly out, F5 (Line Drive, 5, EV 66.9 MPH)
|
Bottom of the 8th over - 0 runs, 0 hits, 0 errors, 0 left on base; Ft. Worth 5 - Mississippi 3 |
TOP OF THE 9TH |
Ft. Worth Cattlemen batting - Pitching for Mississippi Mockingbirds : RHP Clinton Repetto
|
Batting: SHB Kolby Hay
|
0-0: Ball 1-0: SINGLE (Line Drive, 56D, EV 106.2 MPH)
|
Batting: LHB Jorge Alejándrez
|
0-0: Called Strike 0-1: Called Strike 0-2: Ball 1-2: Grounds into double play, 4-6-3 (Groundball, 4, EV 104.4 MPH)
|
Batting: LHB Semo Hoaloha
|
0-0: Ball 1-0: Foul Ball, location: 2F 1-1: Ball 2-1: Called Strike 2-2: Strikes out swinging
|
Top of the 9th over - 0 runs, 1 hit, 0 errors, 0 left on base; Ft. Worth 5 - Mississippi 3 |
BOTTOM OF THE 9TH |
Mississippi Mockingbirds batting - Pitching for Ft. Worth Cattlemen : RHP Dragutin Petrovic
|
Pitching: RHP Jack Buyse
|
|
Batting: RHB Dean Shamakani
|
0-0: Foul Ball, location: 2F 0-1: Ball 1-1: Called Strike 1-2: Foul Ball, location: 2F 1-2: Foul Ball, location: 2F 1-2: Ball 2-2: Foul Ball, location: 2F 2-2: SINGLE (Groundball, 4MD, EV 102.5 MPH)
|
Batting: LHB Seb Blanch
|
0-0: Called Strike 0-1: Foul Ball, location: 2F 0-2: Ball 1-2: Fly out, F9 (Flyball, 89S, EV 94.4 MPH)
|
Pinch Hitting: LHB Riley Rowbery
|
0-0: Ball 1-0: Foul Ball, location: 2F 1-1: Ball 2-1: Called Strike 2-2: Ball 3-2: Strikes out swinging
|
Batting: SHB Jorge Indiano
|
0-0: Ball 1-0: Foul Ball, location: 2F 1-1: Foul Ball, location: 2F 1-2: Foul Ball, location: 2F 1-2: Foul Ball, location: 2F 1-2: Foul Ball, location: 2F 1-2: Ball 2-2: Strikes out swinging, 2-3 out at first.
|
Bottom of the 9th over - 0 runs, 1 hit, 0 errors, 1 left on base; Ft. Worth 5 - Mississippi 3 |
|